 Dungeon Crawl Stone Soup version 0.21.1-1-g345015f (webtiles) character file.

5029 microfolk the Martial Artist (level 10, 0/85 HPs)
             Began as an Octopode Transmuter on May 9, 2018.
             Was a Priest of Kikubaaqudgha.
             Slain by an unseen horror (6 damage)
             ... on level 10 of the Dungeon.
             The game lasted 00:43:45 (15545 turns).

microfolk the Martial Artist (Octopode Transmuter) Turns: 15545, Time: 00:43:45

Health: 0/85       AC:  6    Str: 10    XL:     10   Next: 55%
Magic:  17/17      EV: 10    Int: 19    God:    Kikubaaqudgha [***...]
Gold:   428        SH:  0    Dex: 14    Spells: 7/18 levels left

rFire    x . .     SeeInvis .     - Unarmed
rCold    + + +     Gourm    .   (shield currently unavailable)
rNeg     . . .     Faith    .   (helmet currently unavailable)
rPois    +         Spirit   .   (no amulet)
rElec    .         Reflect  .   w - +2 ring of dexterity
rCorr    .         Harm     .   (no ring)
MR       .....                  (no ring)
Stlth    +.........             (no ring)
HPRegen  0.24/turn              (no ring)
MPRegen  0.15/turn              (no ring)
                                (no ring)
                                (no ring)

@: ice-form
A: large, almost no armour, stealthy swim, amphibious, 8 rings, (constrict 8)
a: End Transformation, Receive Corpses, Renounce Religion


You were on level 10 of the Dungeon.
You worshipped Kikubaaqudgha.
Kikubaaqudgha was most pleased with you.
You were hungry.
You were a creature of crystalline ice.
You visited 2 branches of the dungeon, and saw 11 of its levels.

You collected 428 gold pieces.

Inventory:

Hand Weapons
 b - a +0 hunting sling
 y - the +0 mace "Aboz" {pain, rN++ Dex-5 SInv}
   (You found it on level 6 of the Dungeon)

   In the hands of one skilled in necromantic magic, it inflicts extra damage on
   living creatures.
   It affects your dexterity (-5).
   It greatly protects you from negative energy.
   It lets you see invisible.
 F - the +8 whip "Hilasoah" (melded) {drain, rPois}
   (You found it on level 9 of the Dungeon)

   A truly terrible weapon, it drains the life of those it strikes.
   It protects you from poison.
Missiles
 a - 29 arrows
 d - 134 stones (quivered)
 p - a throwing net
 q - 61 sling bullets
Armour
 m - a +1 buckler (melded)
Jewellery
 w - a +2 ring of dexterity (left front paw)
Wands
 z - a wand of digging (17)
Scrolls
 e - 3 scrolls of remove curse
 h - a scroll of fear {unknown}
 j - a scroll of noise {unknown}
 n - 6 scrolls of identify
 s - a scroll of magic mapping
 t - a scroll of immolation {unknown}
 v - a scroll of amnesia {unknown}
 A - a scroll of blinking {unknown}
 C - a scroll of random uselessness {unknown}
 D - a scroll of fog {unknown}
Potions
 f - 2 potions of might
 i - 3 potions of curing
 k - a potion of brilliance
 l - 4 potions of mutation
 x - 2 potions of lignification
 B - a potion of flight
 E - a potion of ambrosia
Books
 o - a book of Changes

   Spells                             Type                      Level
   a - Beastly Appendage              Transmutation                1
   b - Sticks to Snakes               Transmutation                2
   c - Spider Form                    Transmutation/Poison         3
   d - Ice Form                       Ice/Transmutation            4
   e - Blade Hands                    Transmutation                5
 r - Kikubaaqudgha's Almanac of Black Magic
   (Kikubaaqudgha gifted it to you on level 3 of the Dungeon)

   Spells                             Type                      Level
   a - Animate Skeleton               Necromancy                   1
   b - Pain                           Necromancy                   1
   c - Sublimation of Blood           Necromancy                   2
   d - Regeneration                   Charms/Necromancy            3
 G - Kikubaaqudgha's Guide on Darkness
   (Kikubaaqudgha gifted it to you on level 10 of the Dungeon)

   Spells                             Type                      Level
   a - Borgnjor's Vile Clutch         Necromancy/Earth             5
   b - Agony                          Necromancy                   5
   c - Dispel Undead                  Necromancy                   5
   d - Simulacrum                     Ice/Necromancy               6
   e - Death Channel                  Necromancy                   6
Comestibles
 c - 12 rations


   Skills:
 + Level 7.4 Fighting
 - Level 2.0 Dodging
 - Level 4.0 Shields
 + Level 8.1 Unarmed Combat
 + Level 4.8 Spellcasting
 + Level 8.0 Transmutations
 - Level 4.0 Ice Magic
 - Level 2.1 Poison Magic


You had 7 spell levels left.
You knew the following spells:

 Your Spells              Type           Power        Failure   Level  Hunger
a - Beastly Appendage     Tmut           ####..       1%          1    None
b - Sticks to Snakes      Tmut           ####....     1%          2    #......
c - Spider Form           Tmut/Pois      ###.......   4%          3    ##.....
d - Ice Form              Ice/Tmut       ####....     11%         4    ####...
e - Animate Skeleton      Necr           N/A          13%         1    None


Dungeon Overview and Level Annotations

Branches:
Dungeon (10/15)            Temple (1/1) D:7            Lair (0/6) D:9
    Orc: D:9-12

Altars:
Ashenzari
Cheibriados
Dithmenos
Elyvilon
Fedhas
Gozag
Hepliaklqana
Kikubaaqudgha
Makhleb
Nemelex Xobeh
Okawaru
Qazlal
Ru
Sif Muna
Trog
Uskayaw
Vehumet
Wu Jian
Xom
Yredelemnul
Zin
The Shining One

Shops:
D:5 [   D:7 (   D:9 ([?

Annotations:
D:3 exclusion: 2 downstairs
D:4 exclusion: downstairs, Eustachio
D:5 microfolk's ghost, amateur FeSu
D:6 1 runed door, exclusion: 2 downstairs, Menkaure; Sigmund
D:7 exclusion: 2 downstairs
D:8 vatarom's ghost, novice FoFi
D:9 exclusion: downstairs


Innate Abilities, Weirdness & Mutations

You cannot wear most types of armour.
You are very stealthy in the water. (Stealth+)
You are amphibious.
You can wear up to eight rings at the same time.
((You can use your tentacles to constrict eight enemies at once.))
((Your skin changes colour to match your surroundings (Stealth+).))
((Your rubbery body absorbs attacks. (AC +1, EV +1)))


Message History

* * * LOW HITPOINT WARNING * * *
The howler monkey hoots and howls with incredible vigour!
You hear a shout!
You hear a bellow!
Something hits you.
* * * LOW HITPOINT WARNING * * *
Okay, then.
Okay, then.
You can't wield anything in your present form.
You can't wield anything in your present form.
You feel better. Something hits you!
* * * LOW HITPOINT WARNING * * *
Something hits you!
* * * LOW HITPOINT WARNING * * *
Okay, then.
As you read the scroll labeled PYCLOL XIEZI, it crumbles to dust.
It is a scroll of enchant armour.
Your +0 buckler glows green for a moment.
Something hits you.
You die...
Kikubaaqudgha rasps: "You have failed me!
Welcome... death!"

#....# #....# #....#
#....# #....# #<)..#
#[...# .h.(.
#####.###### .....
#....Y.....# ....
#...h......# ...
#..........# #.T
#.h........#
#h.#######.y........#
###..#y†h).....#.######
......)#########.#
###.#)## #.# #.#.# #.#


You could see 2 howler monkeys and a killer bee.

Vanquished Creatures
  2 trolls (D:10)
  A hungry ghost (D:10)
  Edmund (D:8)
  A water moccasin (D:8)
  2 ice beasts
  A hornet zombie (D:9)
  5 orc warriors
  4 phantoms
  5 ogres
  4 centaurs
  A big kobold (D:9)
  6 bullfrogs
  5 killer bees
  A howler monkey (D:5)
  4 crimson imps
  4 orc priests
  2 hounds
  5 jellies
  A centaur skeleton (D:4)
  Terence (D:2)
  2 iguanas
  4 worker ants
  5 orc wizards
  8 adders
  4 gnolls
  4 shadow imps
  An ooze (D:2)
  5 adder skeletons
  2 worms
  4 leopard geckos
  33 orcs
  A ball python (D:1)
  4 bats
  4 giant cockroaches
  6 goblins
  9 hobgoblins
  10 jackals
  2 quokkas
  A ball python skeleton (D:4)
  7 frilled lizards
  A giant cockroach zombie (D:6)
  15 kobolds
  7 rats
195 creatures vanquished.

Vanquished Creatures (collateral kills)
  A two-headed ogre (D:8)
  An ice beast (D:7)
  A centaur (D:6)
  A bullfrog (D:6)
  3 scorpions
  2 killer bees (D:10)
  A gnoll shaman (D:6)
  A worker ant (D:8)
  4 gnolls (D:6)
  2 adders
  A worm (D:2)
  4 orcs
  A bat (D:3)
  A jackal (D:6)
24 creatures vanquished.

Vanquished Creatures (others)
  A human (D:2)
1 creature vanquished.

Grand Total: 220 creatures vanquished

Notes
Turn   | Place    | Note
-------+----------+-------------------------------------------
     0 | D:1      | microfolk the Octopode Transmuter began the quest for the Orb.
     0 | D:1      | Reached XP level 1. HP: 13/13 MP: 3/3
   359 | D:1      | Reached XP level 2. HP: 4/18 MP: 3/5
   377 | D:1      | Learned a level 2 spell: Sticks to Snakes
   833 | D:1      | Reached XP level 3. HP: 23/23 MP: 4/6
   838 | D:1      | Learned a level 3 spell: Spider Form
  1671 | D:2      | Reached skill level 1 in Poison Magic
  1816 | D:2      | Reached XP level 4. HP: 21/29 MP: 4/7
  2046 | D:2      | Found a glowing silver altar of Zin.
  2224 | D:2      | Found an ancient bone altar of Kikubaaqudgha.
  2225 | D:2      | Noticed a human
  2225 | D:2      | Noticed Terence
  2228 | D:2      | Killed a human
  2613 | D:2      | Became a worshipper of Kikubaaqudgha
  2638 | D:3      | Found a bloodstained altar of Trog.
  3903 | D:2      | Found a glowing silver altar of Zin.
  4352 | D:2      | Killed Terence
  4352 | D:2      | Reached XP level 5. HP: 31/34 MP: 2/8
  4636 | D:4      | Noticed Eustachio
  4642 | D:4      | Noticed an ogre
  5009 | D:4      | Killed an ogre
  5009 | D:4      | Reached skill level 1 in Shields
  5009 | D:4      | Reached XP level 6. HP: 35/41 MP: 4/9
  5761 | D:4      | Found a glowing golden altar of the Shining One.
  5825 | D:4      | Reached XP level 7. HP: 11/46 MP: 6/10
  6226 | D:3      | Reached * piety under Kikubaaqudgha
  6226 | D:3      | Identified Kikubaaqudgha's Almanac of Black Magic (Kikubaaqudgha gifted it to you on level 3 of the Dungeon)
  6226 | D:3      | Received a gift from Kikubaaqudgha
  6255 | D:3      | Learned a level 1 spell: Animate Skeleton
  6577 | D:5      | Entered Level 5 of the Dungeon
  6933 | D:5      | Noticed microfolk's ghost (amateur FeSu)
  7718 | D:5      | Reached XP level 8. HP: 17/54 MP: 1/11
  7812 | D:5      | Reached skill level 5 in Unarmed Combat
  7951 | D:5      | Found a shadowy altar of Dithmenos.
  8194 | D:5      | Found Rahiobot's Antique Armour Emporium.
  8214 | D:5      | Reached skill level 5 in Transmutations
  8483 | D:6      | Noticed Menkaure
  8604 | D:6      | Found a sacrificial altar of Ru.
  8632 | D:6      | Found a runed door.
  8633 | D:6      | Got a transparent mace
  8959 | D:6      | Identified the cursed +0 mace "Aboz" {pain, rN++ Dex-5 SInv} (You found it on level 6 of the Dungeon)
  9006 | D:6      | Noticed Sigmund
  9141 | D:6      | Noticed Edmund
  9434 | D:6      | Reached skill level 5 in Fighting
  9972 | D:7      | Learned a level 4 spell: Ice Form
 10069 | D:7      | Reached skill level 1 in Ice Magic
 10069 | D:7      | Reached XP level 9. HP: 49/61 MP: 12/14
 10358 | D:7      | Found a staircase to the Ecumenical Temple.
 10532 | Temple   | Entered the Ecumenical Temple
 10829 | D:7      | Found Yppo's Antique Weapon Shoppe.
 10847 | D:7      | Reached ** piety under Kikubaaqudgha
 11334 | D:7      | Found a blossoming altar of Fedhas.
 11334 | D:7      | Found a shattered altar of Ashenzari.
 11334 | D:7      | Found a radiant altar of Vehumet.
 11334 | D:7      | Found a shimmering altar of Xom.
 11342 | D:7      | Found a white marble altar of Elyvilon.
 11346 | D:7      | Found a hazy altar of Hepliaklqana.
 12077 | D:8      | Noticed a two-headed ogre
 12319 | D:8      | Killed Edmund
 12435 | D:8      | Killed a two-headed ogre
 12834 | D:8      | Noticed a two-headed ogre
 13016 | D:8      | Noticed vatarom's ghost (novice FoFi)
 13164 | D:8      | Reached XP level 10. HP: 61/69 MP: 8/15
 13406 | D:8      | Found an ornate altar of the Wu Jian Council.
 14061 | D:9      | Found Maif's Weapon Emporium.
 14170 | D:9      | Got a crystal whip
 14172 | D:9      | Identified the +8 whip "Hilasoah" {drain, rPois} (You found it on level 9 of the Dungeon)
 14182 | D:9      | Found Milagyab's Antique Armour Shop.
 14242 | D:9      | Found Vumpuk's Magic Scroll Shoppe.
 14276 | D:9      | Found a snail-covered altar of Cheibriados.
 14493 | D:9      | Found a staircase to the Lair.
 14496 | D:9      | Found a blossoming altar of Fedhas.
 14610 | D:10     | Entered Level 10 of the Dungeon
 15279 | D:10     | Reached *** piety under Kikubaaqudgha
 15279 | D:10     | Identified Kikubaaqudgha's Guide on Darkness (Kikubaaqudgha gifted it to you on level 10 of the Dungeon)
 15279 | D:10     | Received a gift from Kikubaaqudgha
 15545 | D:10     | Slain by an unseen horror

Skill      XL: |  1  2  3  4  5  6  7  8  9 10 |
---------------+-------------------------------+-----
Transmutations | 3 4 5 7 8 |  8.0
Poison Magic   | 1 2 |  2.1
Fighting       | 2 3 5 6 7 |  7.4
Shields        | 1 3 4 |  4.0
Unarmed Combat | 4 6 7 8 |  8.1
Spellcasting   | 3 4 |  4.8
Ice Magic      | 1 4 |  4.0
Dodging        | |  2.0

Action                   |  1- 3 |  4- 6 |  7- 9 | 10-12 || total
-------------------------+-------+-------+-------+-------++-------
Melee: Unarmed           |    82 |    91 |   294 |   109 ||   576
       Constrict         |    27 |    14 |     5 |     1 ||    47
       Kick              |    19 |    14 |     4 |       ||    37
       Tentacles         |    11 |     6 |     6 |     1 ||    24
       Punch             |     3 |     1 |       |       ||     4
       Whip              |       |       |       |     1 ||     1
 Fire: Hunting sling     |       |       |     2 |       ||     2
Throw: Stone             |     5 |    10 |     7 |     1 ||    23
 Cast: Beastly Appendage |    27 |    14 |     8 |       ||    49
       Sticks to Snakes  |     2 |    19 |    58 |     7 ||    86
       Spider Form       |       |    12 |    53 |     7 ||    72
       Animate Skeleton  |       |       |    29 |     6 ||    35
       Ice Form          |       |       |     2 |    11 ||    13
 Abil: End Transformatio |       |       |    21 |     4 ||    25
  Use: Scroll            |     2 |     4 |     6 |     1 ||    13
       Potion            |       |     1 |     1 |     1 ||     3
 Stab: Sleeping          |     4 |       |     2 |     1 ||     7
       Distracted        |       |       |       |     1 ||     1
  Eat: Chunk             |     3 |     7 |    26 |     5 ||    41
       Ration            |       |     3 |     2 |     2 ||     7
Armor: Skin              |     5 |     3 |     2 |    27 ||    37
Dodge: Dodged            |    48 |    66 |   197 |    70 ||   381
Block: Buckler           |       |       |     3 |     1 ||     4
